[ PARTIDA AOE2 · #463588637 ]
Team RMJemeres vs Khitans
[ ANÁLISIS DE REPETICIÓN · EXTRAÍDO DE LA PARTIDA GRABADA ]
Feudal
14:25
Castillos
18:47
Imperial
—
| APM promedio | 10.4 |
| APM pico | 24 |
| eAPM promedio | 7.5 |
| Aldeanos / militares | 40 / 5 |
Foco
⚔️ 10.1% · 🌾 89.9%
Ballista Elephant ×5
Feudal
11:06
Castillos
18:03
Imperial
—
| APM promedio | 14.4 |
| APM pico | 29 |
| eAPM promedio | 8.9 |
| Aldeanos / militares | 55 / 1 |
Foco
⚔️ 10.2% · 🌾 89.8%
Monk ×1
Feudal
11:38
Castillos
18:44
Imperial
—
| APM promedio | 34.9 |
| APM pico | 63 |
| eAPM promedio | 11.2 |
| Aldeanos / militares | 63 / 22 |
Foco
⚔️ 17.5% · 🌾 82.5%
Knight ×22
Feudal
13:37
Castillos
18:07
Imperial
—
| APM promedio | 37.3 |
| APM pico | 65 |
| eAPM promedio | 14.8 |
| Aldeanos / militares | 79 / 13 |
Foco
⚔️ 14.9% · 🌾 85.1%
Steppe Lancer ×8 · Battering Ram ×5
Feudal
12:56
Castillos
—
Imperial
—
| APM promedio | 11.8 |
| APM pico | 28 |
| eAPM promedio | 6.3 |
| Aldeanos / militares | 21 / 3 |
Foco
⚔️ 13.6% · 🌾 86.4%
Spearman ×3
Feudal
11:37
Castillos
19:05
Imperial
—
| APM promedio | 22.1 |
| APM pico | 52 |
| eAPM promedio | 16.7 |
| Aldeanos / militares | 81 / 28 |
Foco
⚔️ 23.1% · 🌾 76.9%
War Wagon ×20 · Battering Ram ×4 · Iron Pagoda ×3 · Monk ×1
Mapa de la partida
Recursos al inicio + cada clic de construcción. Línea gruesa = muro · recuadro discontinuo = muro de casas detectado. 🟡 oro · ⚪ piedra · 🟢 bayas · 🔶 jabalí · ⭕ reliquia
Inputs por minuto
— BHA-1 - - Shoigu! Gerasimov!!
Build order — BHA-1
85 acciones detectadas en el replay
| 0:01 | Crear | Villager (Male) ×4 |
| 0:03 | Construir | House |
| 0:06 | Construir | House |
| 1:26 | Crear | Villager (Male) |
| 1:27 | Crear | Villager (Male) |
| 1:33 | Investigar | Loom |
| 1:34 | Crear | Villager (Male) |
| 1:34 | Crear | Villager (Male) |
| 2:03 | Construir | House |
| 2:04 | Construir | Palisade Wall |
| 2:17 | Crear | Villager (Male) |
| 2:17 | Crear | Villager (Male) |
| 2:35 | Construir | Palisade Wall |
| 2:39 | Construir | Palisade Wall |
| 2:40 | Construir | Palisade Wall |
| 2:46 | Crear | Villager (Male) |
| 2:46 | Crear | Villager (Male) |
| 3:16 | Crear | Villager (Male) |
| 3:16 | Crear | Villager (Male) |
| 3:16 | Crear | Villager (Male) |
| 3:48 | Construir | Palisade Wall |
| 3:53 | Construir | House |
| 4:01 | Construir | House |
| 4:03 | Construir | House |
| 4:23 | Crear | Villager (Male) ×2 |
| 5:11 | Construir | Mill |
| 5:37 | Crear | Villager (Male) |
| 6:31 | Construir | House |
| 6:34 | Construir | Palisade Wall |
| 6:42 | Crear | Villager (Male) |
| 6:43 | Crear | Villager (Male) |
| 6:43 | Crear | Villager (Male) |
| 6:44 | Crear | Villager (Male) |
| 6:44 | Crear | Villager (Male) |
| 9:05 | Crear | Villager (Male) |
| 9:05 | Crear | Villager (Male) |
| 9:05 | Crear | Villager (Male) |
| 9:06 | Crear | Villager (Male) |
| 9:19 | Construir | Mill |
| 9:31 | Construir | Farm |
| 9:32 | Construir | Farm |
| 9:40 | Crear | Villager (Male) |
| 9:40 | Crear | Villager (Male) |
| 9:41 | Crear | Villager (Male) |
| 9:55 | Construir | Farm |
| 10:27 | Construir | Lumber Camp |
| 11:31 | Construir | Mining Camp |
| 12:06 | Construir | Mining Camp |
| 12:15 | Investigar | Feudal Age |
| 12:16 | Crear | Villager (Male) |
| 12:17 | Crear | Villager (Male) |
| 14:25 | Edad | Edad Feudal |
| 14:40 | Construir | Market |
| 14:58 | Construir | Blacksmith |
| 14:59 | Construir | House |
| 16:07 | Investigar | Castle Age |
| 16:12 | Investigar | Double-Bit Axe |
| 16:21 | Investigar | Horse Collar |
| 17:26 | Construir | Farm |
| 17:27 | Construir | Farm |
| 17:28 | Construir | Farm |
| 17:30 | Construir | Farm |
| 17:31 | Construir | Farm |
| 17:34 | Construir | Farm |
| 17:35 | Construir | Farm |
| 18:47 | Edad | Edad de los Castillos |
| 18:53 | Crear | Villager (Male) |
| 18:54 | Crear | Villager (Male) |
| 18:54 | Crear | Villager (Male) |
| 19:19 | Construir | Castle |
| 19:29 | Construir | Farm |
| 19:31 | Construir | Farm |
| 19:31 | Construir | Farm |
| 19:41 | Crear | Villager (Male) |
| 20:02 | Construir | Building 796 |
| 20:15 | Construir | Building 490 |
| 20:19 | Crear | Villager (Male) |
| 20:42 | Crear | Villager (Male) |
| 20:43 | Crear | Villager (Male) |
| 20:48 | Construir | Farm |
| 20:49 | Construir | Farm |
| 20:52 | Construir | Farm |
| 20:55 | Crear | Villager (Male) |
| 20:58 | Crear | Ballista Elephant ×4 |
| 21:42 | Crear | Ballista Elephant |
Build order — Shoigu! Gerasimov!!
102 acciones detectadas en el replay
| 0:07 | Construir | House |
| 0:07 | Crear | Villager (Male) |
| 0:07 | Crear | Villager (Male) |
| 0:08 | Crear | Villager (Male) |
| 0:08 | Crear | Villager (Male) |
| 0:08 | Crear | Villager (Male) |
| 0:09 | Investigar | Loom |
| 1:55 | Construir | House |
| 1:58 | Construir | House |
| 2:04 | Crear | Villager (Male) |
| 2:05 | Crear | Villager (Male) |
| 2:05 | Crear | Villager (Male) |
| 2:25 | Crear | Villager (Male) |
| 3:02 | Crear | Villager (Male) |
| 3:29 | Crear | Villager (Male) |
| 3:45 | Crear | Villager (Male) |
| 4:20 | Crear | Villager (Male) |
| 4:26 | Construir | Mill |
| 4:41 | Crear | Villager (Male) |
| 5:28 | Construir | Mill |
| 5:36 | Crear | Villager (Male) |
| 5:38 | Crear | Villager (Male) |
| 6:01 | Construir | Lumber Camp |
| 6:23 | Crear | Villager (Male) |
| 6:27 | Crear | Villager (Male) |
| 6:45 | Crear | Villager (Male) |
| 6:46 | Crear | Villager (Male) |
| 6:46 | Crear | Villager (Male) |
| 6:46 | Crear | Villager (Male) |
| 7:39 | Crear | Villager (Male) |
| 8:52 | Investigar | Feudal Age |
| 10:38 | Crear | Villager (Male) |
| 10:39 | Crear | Villager (Male) |
| 10:57 | Construir | Mining Camp |
| 11:01 | Construir | Mining Camp |
| 11:06 | Edad | Edad Feudal |
| 11:08 | Crear | Villager (Male) |
| 11:13 | Construir | House |
| 11:14 | Construir | House |
| 11:21 | Investigar | Horse Collar |
| 11:44 | Crear | Villager (Male) |
| 11:55 | Construir | Lumber Camp |
| 11:59 | Crear | Villager (Male) |
| 12:14 | Construir | Blacksmith |
| 12:29 | Crear | Villager (Male) |
| 12:38 | Construir | Farm |
| 12:44 | Construir | Market |
| 12:53 | Construir | Farm |
| 12:53 | Construir | Farm |
| 12:53 | Construir | Farm |
| 12:54 | Construir | Farm |
| 13:02 | Crear | Villager (Male) |
| 13:14 | Construir | Farm |
| 13:28 | Construir | Farm |
| 13:35 | Construir | Farm |
| 13:56 | Construir | Farm |
| 14:00 | Crear | Villager (Male) |
| 14:08 | Construir | Farm |
| 14:29 | Crear | Villager (Male) |
| 14:46 | Crear | Villager (Male) |
| 14:50 | Construir | Farm |
| 14:51 | Construir | Farm |
| 14:56 | Construir | Farm |
| 15:23 | Investigar | Castle Age |
| 16:21 | Crear | Villager (Male) |
| 16:27 | Investigar | Double-Bit Axe |
| 16:59 | Construir | Barracks |
| 17:06 | Crear | Villager (Male) |
| 17:21 | Construir | House |
| 17:22 | Construir | House |
| 17:23 | Construir | House |
| 17:28 | Construir | House |
| 18:03 | Construir | Lumber Camp |
| 18:03 | Edad | Edad de los Castillos |
| 18:14 | Construir | Town Center |
| 18:16 | Crear | Villager (Male) |
| 18:30 | Construir | Town Center |
| 18:33 | Crear | Villager (Male) |
| 19:18 | Construir | Archery Range |
| 19:20 | Crear | Villager (Male) |
| 19:36 | Construir | Farm |
| 20:14 | Construir | Monastery |
| 20:24 | Construir | Mining Camp |
| 20:37 | Crear | Villager (Male) |
| 20:37 | Crear | Villager (Male) |
| 20:38 | Crear | Villager (Male) |
| 20:39 | Crear | Villager (Male) |
| 20:39 | Crear | Villager (Male) |
| 20:46 | Crear | Villager (Male) ×5 |
| 21:05 | Crear | Monk |
| 21:08 | Construir | Farm |
| 21:14 | Construir | Farm |
| 21:16 | Construir | Farm |
| 21:17 | Crear | Villager (Male) |
| 21:37 | Crear | Villager (Male) |
| 21:37 | Crear | Villager (Male) |
| 21:38 | Crear | Villager (Male) |
| 21:38 | Crear | Villager (Male) |
| 21:53 | Construir | Castle |
| 21:56 | Crear | Villager (Male) |
| 21:59 | Crear | Villager (Male) |
| 22:28 | Construir | Stone Wall |
Build order — DavidMC117
Primeras 150 de 161 acciones detectadas
| 0:02 | Crear | Villager (Male) |
| 0:02 | Crear | Villager (Male) |
| 0:03 | Crear | Villager (Male) |
| 0:04 | Construir | House |
| 0:06 | Construir | House |
| 0:12 | Crear | Villager (Male) |
| 0:13 | Crear | Villager (Male) |
| 0:13 | Crear | Villager (Male) |
| 0:43 | Construir | House |
| 1:51 | Crear | Villager (Male) |
| 2:29 | Crear | Villager (Male) |
| 2:29 | Crear | Villager (Male) |
| 3:03 | Crear | Villager (Male) |
| 3:04 | Crear | Villager (Male) |
| 3:29 | Construir | Lumber Camp |
| 3:56 | Crear | Villager (Male) |
| 3:56 | Crear | Villager (Male) |
| 4:12 | Crear | Villager (Male) |
| 4:50 | Crear | Villager (Male) |
| 5:00 | Construir | House |
| 5:01 | Construir | House |
| 5:30 | Crear | Villager (Male) |
| 5:45 | Construir | Mill |
| 5:49 | Crear | Villager (Male) |
| 6:15 | Crear | Villager (Male) |
| 7:11 | Crear | Villager (Male) |
| 7:11 | Crear | Villager (Male) |
| 7:41 | Crear | Villager (Male) |
| 8:10 | Construir | Mining Camp |
| 8:13 | Crear | Villager (Male) |
| 8:41 | Crear | Villager (Male) |
| 8:52 | Crear | Villager (Male) |
| 9:31 | Construir | House |
| 9:32 | Construir | House |
| 9:35 | Investigar | Feudal Age |
| 10:05 | Construir | Barracks |
| 10:07 | Construir | House |
| 10:08 | Construir | House |
| 10:12 | Crear | Villager (Male) |
| 10:13 | Crear | Villager (Male) |
| 11:09 | Crear | Villager (Male) |
| 11:38 | Edad | Edad Feudal |
| 11:47 | Crear | Villager (Male) |
| 12:00 | Construir | Stable |
| 12:02 | Crear | Villager (Male) |
| 12:07 | Construir | Blacksmith |
| 12:13 | Crear | Villager (Male) |
| 13:00 | Construir | Lumber Camp |
| 13:18 | Construir | Farm |
| 13:19 | Construir | Farm |
| 13:19 | Construir | Farm |
| 13:19 | Construir | Farm |
| 13:20 | Construir | Farm |
| 13:20 | Construir | Farm |
| 13:20 | Construir | Farm |
| 13:58 | Crear | Villager (Male) |
| 13:58 | Crear | Villager (Male) |
| 14:05 | Construir | Stable |
| 14:15 | Crear | Villager (Male) |
| 14:22 | Crear | Villager (Male) |
| 14:29 | Crear | Villager (Male) |
| 14:38 | Construir | Farm |
| 14:38 | Construir | Farm |
| 14:45 | Construir | Farm |
| 14:46 | Construir | Farm |
| 14:46 | Construir | Farm |
| 14:49 | Construir | Farm |
| 14:52 | Crear | Villager (Male) |
| 14:59 | Construir | Farm |
| 15:00 | Construir | Farm |
| 15:00 | Construir | Farm |
| 15:13 | Construir | House |
| 15:17 | Construir | House |
| 15:33 | Crear | Villager (Male) |
| 15:34 | Crear | Villager (Male) |
| 16:07 | Construir | Farm |
| 16:08 | Construir | Farm |
| 16:09 | Construir | Farm |
| 16:18 | Investigar | Castle Age |
| 16:23 | Construir | House |
| 17:05 | Construir | House |
| 17:08 | Crear | Villager (Male) |
| 17:10 | Crear | Villager (Male) |
| 17:11 | Crear | Villager (Male) |
| 17:13 | Construir | Farm |
| 17:13 | Construir | Farm |
| 17:13 | Construir | Farm |
| 17:14 | Construir | Farm |
| 17:54 | Construir | Lumber Camp |
| 18:03 | Construir | Market |
| 18:13 | Investigar | Forging |
| 18:14 | Investigar | Scale Barding Armor |
| 18:16 | Crear | Villager (Male) |
| 18:24 | Investigar | Horse Collar |
| 18:44 | Edad | Edad de los Castillos |
| 18:47 | Construir | Farm |
| 18:48 | Construir | Farm |
| 18:48 | Construir | Farm |
| 18:49 | Construir | Farm |
| 18:56 | Crear | Knight |
| 18:56 | Crear | Knight |
| 19:25 | Crear | Villager (Male) |
| 19:27 | Crear | Knight |
| 19:27 | Crear | Knight |
| 19:53 | Crear | Villager (Male) |
| 19:53 | Crear | Villager (Male) |
| 19:54 | Crear | Knight |
| 20:05 | Construir | House |
| 20:16 | Crear | Villager (Male) |
| 20:17 | Crear | Villager (Male) |
| 20:24 | Construir | Farm |
| 20:24 | Construir | Farm |
| 20:24 | Construir | Farm |
| 20:24 | Construir | Farm |
| 20:25 | Construir | Farm |
| 20:27 | Construir | Farm |
| 20:28 | Construir | Farm |
| 20:30 | Crear | Villager (Male) |
| 20:30 | Crear | Villager (Male) |
| 20:33 | Crear | Knight |
| 20:33 | Crear | Knight |
| 20:34 | Crear | Knight |
| 20:50 | Crear | Knight |
| 20:50 | Crear | Knight |
| 21:08 | Investigar | Bloodlines |
| 21:23 | Construir | Farm |
| 22:06 | Crear | Villager (Male) |
| 22:09 | Crear | Knight |
| 22:32 | Crear | Knight |
| 22:36 | Crear | Villager (Male) |
| 22:36 | Crear | Villager (Male) |
| 22:36 | Crear | Villager (Male) |
| 22:39 | Investigar | Gold Mining |
| 23:14 | Crear | Knight |
| 23:18 | Crear | Villager (Male) |
| 23:18 | Crear | Villager (Male) |
| 23:30 | Construir | Farm |
| 23:33 | Crear | Villager (Male) |
| 24:10 | Investigar | Iron Casting |
| 24:16 | Crear | Villager (Male) |
| 24:38 | Construir | House |
| 24:39 | Construir | House |
| 24:41 | Construir | House |
| 25:38 | Crear | Knight |
| 25:39 | Crear | Knight |
| 25:39 | Crear | Knight |
| 25:39 | Crear | Knight |
| 26:40 | Crear | Knight |
| 26:41 | Crear | Knight |
| 26:41 | Crear | Knight |
Build order — skorge_13
126 acciones detectadas en el replay
| 0:02 | Crear | Villager (Male) ×4 |
| 0:04 | Construir | House |
| 0:05 | Construir | House |
| 0:09 | Investigar | Loom |
| 0:09 | Crear | Villager (Male) |
| 0:09 | Crear | Villager (Male) |
| 0:10 | Crear | Villager (Male) |
| 0:10 | Crear | Villager (Male) |
| 1:03 | Construir | Palisade Wall |
| 1:05 | Construir | Palisade Wall |
| 2:17 | Construir | Palisade Wall |
| 2:28 | Crear | Villager (Male) |
| 2:29 | Crear | Villager (Male) |
| 2:37 | Construir | House |
| 2:38 | Construir | House |
| 2:49 | Crear | Villager (Male) |
| 2:49 | Crear | Villager (Male) |
| 3:04 | Construir | Palisade Wall |
| 3:05 | Construir | Palisade Wall |
| 3:06 | Construir | Palisade Wall |
| 3:21 | Crear | Villager (Male) |
| 3:21 | Crear | Villager (Male) |
| 4:20 | Crear | Villager (Male) |
| 4:20 | Crear | Villager (Male) |
| 4:20 | Crear | Villager (Male) |
| 4:26 | Construir | House |
| 4:55 | Construir | House |
| 5:27 | Construir | Palisade Wall |
| 5:44 | Crear | Villager (Male) |
| 5:44 | Crear | Villager (Male) |
| 5:45 | Crear | Villager (Male) |
| 6:07 | Crear | Villager (Male) |
| 6:37 | Crear | Villager (Male) |
| 7:04 | Crear | Villager (Male) |
| 7:05 | Crear | Villager (Male) |
| 7:07 | Construir | Mill |
| 7:24 | Construir | House |
| 8:00 | Construir | Palisade Wall |
| 8:16 | Crear | Villager (Male) |
| 8:16 | Crear | Villager (Male) |
| 8:42 | Crear | Villager (Male) |
| 8:42 | Crear | Villager (Male) |
| 8:43 | Crear | Villager (Male) |
| 8:56 | Construir | House |
| 9:45 | Crear | Villager (Male) |
| 9:45 | Crear | Villager (Male) |
| 10:27 | Construir | Lumber Camp |
| 10:31 | Crear | Villager (Male) |
| 11:07 | Crear | Villager (Male) |
| 11:25 | Investigar | Feudal Age |
| 11:40 | Construir | Mining Camp |
| 13:24 | Crear | Villager (Male) |
| 13:24 | Crear | Villager (Male) |
| 13:32 | Construir | Palisade Wall |
| 13:37 | Edad | Edad Feudal |
| 13:40 | Construir | Mill |
| 13:51 | Construir | Market |
| 14:06 | Construir | Blacksmith |
| 14:09 | Crear | Villager (Male) |
| 14:30 | Construir | Stone Wall |
| 14:34 | Construir | Building 490 |
| 14:43 | Crear | Villager (Male) |
| 15:27 | Investigar | Castle Age |
| 16:03 | Investigar | Double-Bit Axe |
| 16:25 | Construir | Barracks |
| 17:27 | Construir | Stable |
| 17:46 | Construir | Pasture |
| 17:47 | Construir | Pasture |
| 17:57 | Investigar | Forging |
| 18:07 | Edad | Edad de los Castillos |
| 18:21 | Construir | Stable |
| 18:25 | Crear | Steppe Lancer |
| 18:25 | Crear | Steppe Lancer |
| 18:26 | Crear | Steppe Lancer |
| 18:35 | Construir | House |
| 18:57 | Crear | Villager (Male) |
| 18:57 | Crear | Villager (Male) |
| 18:57 | Crear | Villager (Male) |
| 18:58 | Crear | Villager (Male) |
| 18:58 | Crear | Villager (Male) |
| 19:05 | Construir | House |
| 19:07 | Construir | House |
| 19:19 | Construir | Pasture |
| 19:32 | Crear | Steppe Lancer |
| 19:46 | Crear | Villager (Male) |
| 19:46 | Crear | Villager (Male) |
| 20:08 | Construir | House |
| 20:11 | Construir | House |
| 20:15 | Crear | Villager (Male) |
| 20:15 | Crear | Villager (Male) |
| 20:22 | Construir | Town Center |
| 21:23 | Crear | Villager (Male) |
| 21:23 | Crear | Villager (Male) |
| 21:23 | Crear | Villager (Male) |
| 21:36 | Construir | Siege Workshop |
| 21:40 | Crear | Steppe Lancer ×2 |
| 21:40 | Crear | Steppe Lancer ×2 |
| 21:52 | Crear | Villager (Male) |
| 21:52 | Crear | Villager (Male) |
| 22:15 | Construir | Town Center |
| 22:21 | Crear | Villager (Male) ×3 |
| 23:21 | Construir | Pasture |
| 23:22 | Construir | Pasture |
| 23:24 | Crear | Villager (Male) ×2 |
| 23:25 | Crear | Villager (Male) ×2 |
| 23:37 | Crear | Battering Ram |
| 23:38 | Crear | Battering Ram |
| 23:46 | Construir | Mining Camp |
| 23:58 | Crear | Villager (Male) |
| 23:58 | Crear | Villager (Male) |
| 24:10 | Crear | Battering Ram |
| 24:45 | Crear | Battering Ram |
| 24:51 | Crear | Villager (Male) ×3 |
| 24:51 | Crear | Villager (Male) ×3 |
| 25:06 | Crear | Battering Ram |
| 25:38 | Crear | Villager (Male) |
| 25:38 | Crear | Villager (Male) |
| 25:38 | Crear | Villager (Male) |
| 25:38 | Crear | Villager (Male) |
| 26:30 | Crear | Villager (Male) ×3 |
| 27:04 | Construir | House |
| 27:04 | Construir | House |
| 27:09 | Construir | Pasture |
| 27:12 | Crear | Villager (Male) ×3 |
| 27:12 | Crear | Villager (Male) ×3 |
| 27:19 | Construir | Pasture |
Build order — jose.hernan.martinez
46 acciones detectadas en el replay
| 0:58 | Crear | Villager (Male) |
| 2:19 | Construir | House |
| 3:34 | Crear | Villager (Male) |
| 3:34 | Crear | Villager (Male) |
| 3:35 | Crear | Villager (Male) |
| 3:36 | Crear | Villager (Male) |
| 5:35 | Construir | Mill |
| 9:37 | Construir | Lumber Camp |
| 10:11 | Crear | Villager (Male) |
| 10:46 | Investigar | Feudal Age |
| 12:56 | Edad | Edad Feudal |
| 13:13 | Construir | House |
| 13:16 | Construir | House |
| 13:43 | Investigar | Loom |
| 13:59 | Crear | Villager (Male) |
| 14:00 | Crear | Villager (Male) |
| 14:01 | Crear | Villager (Male) |
| 14:01 | Crear | Villager (Male) |
| 14:02 | Crear | Villager (Male) |
| 14:39 | Construir | Mining Camp |
| 16:04 | Construir | Mining Camp |
| 16:38 | Crear | Villager (Male) |
| 16:39 | Crear | Villager (Male) |
| 16:39 | Crear | Villager (Male) |
| 16:40 | Crear | Villager (Male) |
| 16:40 | Crear | Villager (Male) |
| 16:41 | Crear | Villager (Male) |
| 16:41 | Crear | Villager (Male) |
| 17:27 | Construir | Farm |
| 17:37 | Construir | Farm |
| 17:55 | Investigar | Double-Bit Axe |
| 17:59 | Investigar | Horse Collar |
| 18:02 | Investigar | Stone Mining |
| 18:20 | Construir | Farm |
| 19:05 | Construir | House |
| 19:39 | Construir | Farm |
| 19:53 | Construir | Barracks |
| 20:22 | Crear | Villager (Male) |
| 20:23 | Crear | Villager (Male) |
| 20:23 | Crear | Villager (Male) |
| 21:19 | Construir | Watch Tower |
| 22:14 | Construir | Farm |
| 23:53 | Crear | Spearman |
| 23:54 | Crear | Spearman |
| 23:54 | Crear | Spearman |
| 24:38 | Construir | Watch Tower |
Build order — Arctic Empire
Primeras 150 de 169 acciones detectadas
| 0:03 | Investigar | Loom |
| 0:03 | Crear | Villager (Male) |
| 0:03 | Crear | Villager (Male) |
| 0:04 | Crear | Villager (Male) |
| 0:05 | Construir | House |
| 0:06 | Construir | House |
| 0:09 | Construir | House |
| 0:28 | Crear | Villager (Male) |
| 0:28 | Crear | Villager (Male) |
| 1:29 | Crear | Villager (Male) |
| 1:29 | Crear | Villager (Male) |
| 1:29 | Crear | Villager (Male) |
| 1:48 | Construir | Lumber Camp |
| 2:16 | Construir | Palisade Wall |
| 2:18 | Crear | Villager (Male) |
| 2:18 | Crear | Villager (Male) |
| 2:54 | Crear | Villager (Male) |
| 2:54 | Crear | Villager (Male) |
| 2:55 | Crear | Villager (Male) |
| 3:13 | Crear | Villager (Male) |
| 3:13 | Crear | Villager (Male) |
| 3:13 | Crear | Villager (Male) |
| 3:18 | Construir | Palisade Wall |
| 3:35 | Crear | Villager (Male) |
| 4:12 | Crear | Villager (Male) |
| 4:12 | Crear | Villager (Male) |
| 4:13 | Crear | Villager (Male) |
| 4:25 | Construir | Palisade Wall |
| 4:50 | Crear | Villager (Male) |
| 4:50 | Crear | Villager (Male) |
| 4:51 | Crear | Villager (Male) |
| 5:11 | Crear | Villager (Male) |
| 5:12 | Crear | Villager (Male) |
| 5:12 | Crear | Villager (Male) |
| 5:24 | Crear | Villager (Male) |
| 5:25 | Crear | Villager (Male) |
| 5:25 | Crear | Villager (Male) |
| 5:49 | Construir | House |
| 6:04 | Crear | Villager (Male) |
| 6:04 | Crear | Villager (Male) |
| 6:04 | Crear | Villager (Male) |
| 6:05 | Crear | Villager (Male) |
| 6:35 | Crear | Villager (Male) |
| 6:36 | Crear | Villager (Male) |
| 6:36 | Crear | Villager (Male) |
| 6:40 | Construir | Mill |
| 6:51 | Crear | Villager (Male) |
| 6:52 | Crear | Villager (Male) |
| 6:52 | Crear | Villager (Male) |
| 6:52 | Crear | Villager (Male) |
| 6:52 | Crear | Villager (Male) |
| 6:58 | Crear | Villager (Male) |
| 6:58 | Crear | Villager (Male) |
| 6:58 | Crear | Villager (Male) |
| 7:15 | Crear | Villager (Male) |
| 7:16 | Crear | Villager (Male) |
| 7:35 | Crear | Villager (Male) |
| 7:36 | Crear | Villager (Male) |
| 7:49 | Construir | Mill |
| 8:23 | Construir | Mining Camp |
| 9:27 | Investigar | Feudal Age |
| 9:54 | Construir | Mill |
| 10:08 | Construir | House |
| 10:11 | Construir | House |
| 11:11 | Crear | Villager (Male) |
| 11:12 | Crear | Villager (Male) |
| 11:12 | Crear | Villager (Male) |
| 11:12 | Crear | Villager (Male) |
| 11:37 | Edad | Edad Feudal |
| 11:39 | Construir | Mining Camp |
| 11:50 | Investigar | Double-Bit Axe |
| 12:00 | Construir | Stone Wall |
| 13:09 | Construir | Blacksmith |
| 13:16 | Crear | Villager (Male) |
| 13:17 | Crear | Villager (Male) |
| 14:22 | Construir | Market |
| 14:25 | Crear | Villager (Male) |
| 14:26 | Crear | Villager (Male) |
| 14:26 | Crear | Villager (Male) |
| 15:09 | Construir | Farm |
| 15:09 | Construir | Farm |
| 15:12 | Crear | Villager (Male) |
| 15:16 | Investigar | Horse Collar |
| 15:25 | Crear | Villager (Male) |
| 15:43 | Construir | Farm |
| 15:43 | Construir | Farm |
| 15:43 | Construir | Farm |
| 15:44 | Construir | Farm |
| 15:49 | Construir | Farm |
| 16:10 | Construir | Stone Wall |
| 16:17 | Construir | House |
| 16:18 | Construir | House |
| 16:25 | Investigar | Castle Age |
| 16:31 | Construir | Farm |
| 16:32 | Construir | Farm |
| 16:47 | Construir | Lumber Camp |
| 17:28 | Construir | Building 673 |
| 17:57 | Construir | Outpost |
| 18:25 | Construir | Building 673 |
| 18:37 | Construir | Farm |
| 18:37 | Construir | Farm |
| 18:37 | Construir | Farm |
| 18:38 | Construir | Farm |
| 18:47 | Construir | Lumber Camp |
| 18:55 | Crear | Villager (Male) |
| 18:55 | Crear | Villager (Male) |
| 18:55 | Crear | Villager (Male) |
| 19:05 | Edad | Edad de los Castillos |
| 19:10 | Investigar | Bow Saw |
| 19:19 | Construir | Monastery |
| 19:39 | Construir | Castle |
| 19:54 | Crear | Villager (Male) |
| 20:13 | Crear | Villager (Male) |
| 20:30 | Crear | Monk |
| 20:47 | Construir | Siege Workshop |
| 21:08 | Investigar | Fletching |
| 21:09 | Crear | War Wagon |
| 21:12 | Crear | Villager (Male) |
| 21:13 | Crear | Villager (Male) |
| 21:57 | Crear | Villager (Male) |
| 22:04 | Investigar | Heavy Plow |
| 22:06 | Crear | Villager (Male) |
| 22:20 | Crear | Battering Ram |
| 22:20 | Crear | Battering Ram |
| 22:21 | Crear | Battering Ram |
| 22:30 | Crear | Villager (Male) |
| 22:31 | Crear | Villager (Male) |
| 22:31 | Crear | Villager (Male) |
| 23:07 | Crear | Battering Ram |
| 23:11 | Crear | War Wagon |
| 23:11 | Crear | War Wagon |
| 23:12 | Crear | War Wagon |
| 23:34 | Crear | War Wagon |
| 23:35 | Crear | War Wagon |
| 23:35 | Crear | War Wagon |
| 23:43 | Construir | Town Center |
| 24:17 | Crear | War Wagon |
| 24:18 | Crear | War Wagon |
| 24:18 | Crear | War Wagon |
| 24:18 | Crear | War Wagon |
| 24:42 | Crear | War Wagon |
| 24:47 | Investigar | Wheelbarrow |
| 24:47 | Investigar | Town Watch |
| 25:00 | Crear | Villager (Male) |
| 25:00 | Crear | Villager (Male) |
| 25:01 | Crear | Villager (Male) |
| 25:03 | Crear | Villager (Male) |
| 25:46 | Crear | Villager (Male) |
| 25:46 | Crear | Villager (Male) |
| 25:46 | Crear | Villager (Male) |
Cronología de la partida
| 1:03 | skorge_13 · wall_segment Palisade Wall x10 |
| 1:05 | skorge_13 · wall_segment Palisade Wall x3 |
| 2:04 | BHA-1 · wall_segment Palisade Wall x1 |
| 2:16 | Arctic Empire · wall_segment Palisade Wall x11 |
| 2:17 | skorge_13 · wall_segment Palisade Wall x2 |
| 2:35 | BHA-1 · wall_segment Palisade Wall x1 |
| 2:39 | BHA-1 · wall_segment Palisade Wall x1 |
| 2:40 | BHA-1 · wall_segment Palisade Wall x1 |
| 3:04 | skorge_13 · wall_segment Palisade Wall x4 |
| 3:05 | skorge_13 · wall_segment Palisade Wall x2 |
| 3:06 | skorge_13 · wall_segment Palisade Wall x1 |
| 3:18 | Arctic Empire · wall_segment Palisade Wall x1 |
| 3:48 | BHA-1 · wall_segment Palisade Wall x1 |
| 4:25 | Arctic Empire · wall_segment Palisade Wall x13 |
| 5:27 | skorge_13 · wall_segment Palisade Wall x7 |
| 6:34 | BHA-1 · wall_segment Palisade Wall x6 |
| 8:00 | skorge_13 · wall_segment Palisade Wall x5 |
| 10:05 | DavidMC117 · first_building Barracks |
| 11:06 | Shoigu! Gerasimov!! · age_up feudal |
| 11:37 | Arctic Empire · age_up feudal |
| 11:38 | DavidMC117 · age_up feudal |
| 12:00 | DavidMC117 · first_building Stable |
| 12:00 | Arctic Empire · wall_segment Stone Wall x10 |
| 12:56 | jose.hernan.martinez · age_up feudal |
| 13:32 | skorge_13 · wall_segment Palisade Wall x7 |
| 13:37 | skorge_13 · age_up feudal |
| 14:25 | BHA-1 · age_up feudal |
| 14:30 | skorge_13 · wall_segment Stone Wall x8 |
| 16:10 | Arctic Empire · wall_segment Stone Wall x14 |
| 16:25 | skorge_13 · first_building Barracks |
| 16:59 | Shoigu! Gerasimov!! · first_building Barracks |
| 17:27 | skorge_13 · first_building Stable |
| 18:03 | Shoigu! Gerasimov!! · age_up castle |
| 18:07 | skorge_13 · age_up castle |
| 18:44 | DavidMC117 · age_up castle |
| 18:47 | BHA-1 · age_up castle |
| 19:05 | Arctic Empire · age_up castle |
| 19:18 | Shoigu! Gerasimov!! · first_building Archery Range |
| 19:19 | BHA-1 · first_building Castle |
| 19:19 | Arctic Empire · first_building Monastery |
| 19:39 | Arctic Empire · first_building Castle |
| 19:53 | jose.hernan.martinez · first_building Barracks |
| 20:14 | Shoigu! Gerasimov!! · first_building Monastery |
| 20:28 | Arctic Empire · first_market_sell 100 wood |
| 20:47 | Arctic Empire · first_building Siege Workshop |
| 21:36 | skorge_13 · first_building Siege Workshop |
| 21:53 | Shoigu! Gerasimov!! · first_building Castle |
| 22:11 | skorge_13 · first_market_buy 100 stone |
| 22:28 | Shoigu! Gerasimov!! · wall_segment Stone Wall x11 |
| 22:58 | Shoigu! Gerasimov!! · resign |
[ ANÁLISIS IA · 1 CRÉDITO ]
¿Qué pasó realmente en esta partida?
Wolo.gg analiza cada decisión: build order, eco, micro, errores típicos por bracket. Análisis personalizado por WhatsApp o Discord en 30 segundos.
Guía civ
Jemeres
Guía mapa
Black Forest
Perfil
BHA-1